 Dungeon Crawl Stone Soup version 0.18-a0-902-g8738618 (webtiles) character file.

42 Jmtri7 the Charlatan (level 3, -2/26 HPs)
             Began as a Formicid Artificer on Dec 25, 2015.
             Slain by a sky beast (6 damage)
             ... on level 6 of the Dungeon.
             The game lasted 00:01:03 (67 turns).

Jmtri7 the Charlatan (Formicid Artificer)             Turns: 67, Time: 00:01:03

Health: -2/26      AC:  3    Str: 16    XL:     3   Next: 80%
Magic:  6/6        EV: 11    Int: 11    God:
Gold:   0          SH:  0    Dex: 11    Spells: 0 memorised, 2 levels left

rFire  . . .     SeeInvis +     a - +0 short sword
rCold  . . .     Gourm    .     b - +0 leather armour
rNeg   . . .     Faith    .     (no shield)
rPois  .         Spirit   .     (helmet unavailable)
rElec  .         Dismiss  .     (no cloak)
rCorr  .         Reflect  .     (no gloves)
SustAt .         Harm     .     (no boots)
MR     .....                    (no amulet)
Stlth  +.........               (no ring)
                                (no ring)

@: not resistant to hostile enchantments, very unstealthy
A: permanent stasis, dig shafts and tunnels, four strong arms, antennae 3
a: Dig, Shaft Self


You were on level 6 of the Dungeon.
You were not hungry.

You visited 1 branch of the dungeon, and saw 4 of its levels.

Inventory:

Hand Weapons
 a - a +0 short sword (weapon)
Armour
 b - a +0 leather armour (worn)
Wands
 c - a wand of flame (15/48)
 d - a wand of enslavement (11/24)
 e - a wand of random effects (15/48)
Scrolls
 g - a scroll of identify {unknown}
Comestibles
 f - a bread ration
 h - a fruit


   Skills:
 - Level 1.1 Fighting
 - Level 1.0 Short Blades
 - Level 1.7 Dodging
 - Level 1.2 Stealth
 + Level 4.9 Evocations


You had 2 spell levels left.
You didn't know any spells.

Dungeon Overview and Level Annotations

Branches:
Dungeon (2/15)

Altars:
Okawaru
Trog

Shops:
D:6 %

Annotations:
D:6 Levianaught's ghost, novice GrBe


Innate Abilities, Weirdness & Mutations

You are under a permanent stasis effect.
You can dig through walls and to a lower floor.
Your four strong arms can wield two-handed weapons with a shield.
You have a pair of large antennae on your head (SInv).


Message History

Your Evocations skill increases to level 4!
You have reached level 2!
You have reached level 3!
Your experience leads to an increase in your attributes!
Increase (S)trength, (I)ntelligence, or (D)exterity?
You feel stronger.
The sky beast is no longer charmed.
There is a stone staircase leading down here.
Zapping:
d - a wand of enslavement (12/24)
Press: ? - help, Shift-Dir - straight line, f - sky beast
Aim: a sky beast (moderately wounded, slightly transparent, chance to defeat MR: 56%)
The sky beast resists with significant effort.
This wand has 11 charges left.
The sky beast hits you but does no damage.
You hit the sky beast.
The sky beast is moderately wounded.
The sky beast hits you.
* * * LOW HITPOINT WARNING * * *
The sky beast shocks you.
You die...

#. .. ##.## ..
#...# ##.####
#...# .....# #...#
#. #.###...#####
#.##...........#.#
#.@Y.....$........
####.....†.....#
#.###...##### ...#
#...# ##### #...#
#...# ##.## #.#
##.#


You could see a sky beast.

Vanquished Creatures (collateral kills)
  A black bear (D:6)
1 creature vanquished.

Vanquished Creatures (others)
  A quokka (D:6)
1 creature vanquished.

Grand Total: 2 creatures vanquished

Notes
Turn   | Place    | Note
--------------------------------------------------------------
     0 | D:1      | Jmtri7 the Formicid Artificer began the quest for the Orb.
     0 | D:1      | Reached XP level 1. HP: 15/15 MP: 3/3
     7 | D:1      | You fall through a shaft!
     8 | D:2      | Found an iron altar of Okawaru.
    11 | D:2      | You fall through a shaft!
    14 | D:3      | You fall through a shaft for 3 floors!
    14 | D:6      | Found a bloodstained altar of Trog.
    21 | D:6      | Noticed Levianaught's ghost (novice GrBe)
    32 | D:6      | Found Yram Veate's Food Shoppe.
    39 | D:6      | Noticed a sky beast
    46 | D:6      | Noticed a black bear
    56 | D:6      | Killed a black bear
    56 | D:6      | Reached skill level 4 in Evocations
    56 | D:6      | Reached XP level 2. HP: 7/21 MP: 5/5
    56 | D:6      | Reached XP level 3. HP: 8/26 MP: 6/6
    67 | D:6      | Slain by a sky beast

Vault maps used:
D:1:      co_arrival_random_square_maze, corexii_item_surrounded_by_moat,
          solitary_fountain, minmay_misc_feat_roman
D:2:      okawaru_ov_weapons_minmay, first_bread, uniq_sigmund,
          uniq_crazy_yiuf_cottage
D:3:      kennysheep_nondescript
D:6:      lemuel_slime, temple_green, serial_shops, kennysheep_mini,
          nicolae_shop_behind_doors, nicolae_shop_crystal, shop, shop,
          trog_three_pillars_becter

Action                   || total
-------------------------++-------
Melee: Short sword       ||     4
 Abil: Shaft Self        ||     3
Evoke: Wand              ||     4
